AoeStats
← ivcrk826

Arena

509679492Analyzed
4v4 RM · 4d ago on Sep 27, 2026· 78m 24s· 8 players
Game mode
Random Map
Map size
Large (8 player)
Population
200
Speed
Normal
Resources
Standard
Victory
Conquest
Starting age
Dark Age
Ending age
Imperial Age
RankedLock teamsTeams togetherTeam positionsShared explorationLock speedFull tech treeHidden civsTurbo modeCheats
Victory
Defeat
🇨🇱 Goths · Chile
1496
+13
🇻🇳 Teutons · Vietnam
1471
+14
🇦🇷 Malay · Argentina
1437
+16
🇨🇦 Teutons · Canada
1425
+16
🇹🇷 Khmer · Türkiye
1460
-16
🇹🇷 Franks · Türkiye
1445
-15
🇹🇷 Huns · Türkiye
1409
-14
🇹🇷 Romans · Türkiye
1403
-14
ivcrk826
7:14 Loom
11:30 Feudal Age
16:01 Castle Age
14:27 Double-Bit Axe
14:32 Horse Collar
17:28 Bow Saw
22:17 Wheelbarrow
22:47 Heavy Plow
27:50 Imperial Age
26:49 Husbandry
26:57 Scale Barding Armor
26:45 Cavalier
26:46 Elite Battle Elephant
27:41 Forging
28:59 Chemistry
31:27 Gold Mining
33:55 Squires
33:15 Man-at-Arms
34:08 Siege Engineers
38:50 Iron Casting
38:30 Long Swordsman
40:22 Fletching
41:33 Blast Furnace
39:56 Two-Handed Swordsman
42:42 Forced Levy
43:02 Conscription
45:13 Fletching
45:48 Ballistics
46:36 Crossbowman
47:11 Arbalester
47:58 Thumb Ring
49:01 Bodkin Arrow
50:13 Bracer
59:37 Caravan
69:06 Crop Rotation
73:19 Coinage
74:47 Banking
74:28 Guilds
77:49 Treadmill Crane
78:11 Padded Archer Armor
WeedMan
1:25 Loom
10:53 Feudal Age
15:09 Castle Age
13:53 Double-Bit Axe
13:53 Horse Collar
16:56 Bow Saw
21:27 Wheelbarrow
22:00 Heavy Plow
23:45 Gold Mining
25:44 Hand Cart
27:46 Town Watch
30:39 Imperial Age
28:17 Scale Mail Armor
28:56 Forging
28:47 Anarchy
28:52 Stone Mining
28:36 Pikeman
29:17 Squires
29:59 Chain Mail Armor
29:08 Man-at-Arms
29:43 Long Swordsman
31:20 Iron Casting
31:30 Perfusion
30:55 Halberdier
31:16 Two-Handed Swordsman
32:32 Conscription
32:18 Elite Huskarl
37:17 Blast Furnace
37:21 Stone Shaft Mining
38:27 Caravan
38:43 Fletching
39:19 Elite Skirmisher
39:56 Bodkin Arrow
41:02 Ballistics
40:58 Padded Archer Armor
40:58 Bracer
41:57 Leather Archer Armor
42:44 Chemistry
43:58 Ring Archer Armor
53:00 Champion
71:26 Crop Rotation
75:40 Capped Ram
shogun
5:58 Loom
8:35 Feudal Age
10:02 Fletching
17:53 Wheelbarrow
17:45 Double-Bit Axe
19:35 Horse Collar
23:39 Castle Age
21:37 Stone Mining
22:03 Gold Mining
24:56 Bodkin Arrow
25:29 Bow Saw
27:57 Hand Cart
33:35 Imperial Age
31:30 Pikeman
32:11 Squires
32:22 Gambesons
32:49 Forging
32:46 Scale Barding Armor
33:19 Bloodlines
33:38 Cavalier
34:41 Conscription
35:50 Ironclad
35:28 Onager
36:24 Scale Mail Armor
38:33 Iron Casting
38:19 Chain Barding Armor
38:15 Chain Mail Armor
37:31 Capped Ram
40:09 Halberdier
42:42 Blast Furnace
45:21 Arson
48:23 Chemistry
47:44 Ballistics
47:51 Town Watch
48:19 Heavy Plow
58:40 Crop Rotation
59:13 Two-Man Saw
61:06 Blast Furnace
60:42 Plate Barding Armor
60:37 Plate Mail Armor
70:02 Plate Mail Armor
72:08 Padded Archer Armor
hdelaney
11:56 Feudal Age
15:40 Castle Age
13:36 Double-Bit Axe
13:42 Horse Collar
15:19 Wheelbarrow
14:29 Town Watch
15:03 Town Watch
16:45 Bow Saw
16:38 Heavy Plow
17:04 Loom
18:36 Stone Mining
28:42 Imperial Age
26:58 Hand Cart
27:42 Forging
27:33 Scale Mail Armor
27:56 Ballistics
27:28 Gold Mining
27:50 Fletching
28:09 Pikeman
28:35 Arson
29:37 Iron Casting
29:19 Chain Mail Armor
29:40 Stone Shaft Mining
28:53 Capped Ram
30:38 Chemistry
29:50 Masonry
30:50 Two-Man Saw
30:24 Conscription
30:01 Bodkin Arrow
31:00 Crop Rotation
30:21 Onager
32:32 Blast Furnace
31:38 Squires
33:02 Plate Mail Armor
32:53 Halberdier
35:31 Crenellations
35:09 Siege Onager
37:33 Siege Engineers
38:39 Bombard Tower
40:48 Caravan
42:48 Ironclad
55:20 Guilds
Yokolucu
6:38 Loom
8:51 Feudal Age
16:43 Wheelbarrow
19:13 Horse Collar
23:45 Castle Age
21:47 Double-Bit Axe
22:44 Gold Mining
22:46 Stone Mining
23:00 Fletching
24:50 Bow Saw
24:47 Heavy Plow
31:53 Imperial Age
29:50 Scale Barding Armor
30:55 Bloodlines
31:08 Chain Barding Armor
31:29 Husbandry
32:51 Forging
32:08 Light Cavalry
36:05 Iron Casting
37:06 Plate Barding Armor
36:15 Hussar
39:15 Blast Furnace
39:22 Conscription
41:39 Hand Cart
45:09 Town Watch
57:23 Coinage
59:05 Banking
72:05 Padded Archer Armor
72:01 Bodkin Arrow
klostrofobikköstebek
10:45 Feudal Age
14:23 Castle Age
12:56 Double-Bit Axe
13:25 Horse Collar
16:35 Wheelbarrow
17:25 Heavy Plow
22:13 Bow Saw
22:46 Hand Cart
22:36 Loom
27:06 Imperial Age
24:41 Gold Mining
26:21 Ballistics
26:39 Gold Shaft Mining
26:42 Ballistas
26:18 Pikeman
27:02 Squires
28:59 Chemistry
27:34 Heavy Scorpion
29:03 Forging
28:55 Scale Mail Armor
29:52 Crop Rotation
30:29 Iron Casting
30:42 Chain Mail Armor
31:35 Siege Engineers
30:55 Halberdier
33:07 Blast Furnace
33:07 Scale Barding Armor
33:03 Husbandry
34:26 Bloodlines
33:37 Light Cavalry
35:39 Chain Barding Armor
34:52 Capped Ram
39:23 Plate Barding Armor
39:27 Siege Ram
41:37 Fletching
41:47 Padded Archer Armor
45:13 Bodkin Arrow
46:30 Leather Archer Armor
46:49 Coinage
50:03 Banking
51:16 Ring Archer Armor
59:29 Fortified Wall
71:51 Murder Holes
GPA_PisagorAmca
10:59 Feudal Age
15:05 Castle Age
13:01 Double-Bit Axe
16:00 Bow Saw
19:41 Wheelbarrow
21:25 Gold Mining
25:23 Gold Shaft Mining
24:42 Stone Mining
28:23 Imperial Age
26:37 Scale Mail Armor
27:42 Chain Mail Armor
26:52 Pikeman
27:33 Squires
27:18 Arson
27:19 Gambesons
28:13 Ballistics
28:18 Forging
28:21 Treadmill Crane
29:45 Plate Mail Armor
28:37 Halberdier
29:54 Iron Casting
29:11 Loom
30:02 Elite Throwing Axeman
31:15 Chivalry
33:14 Blast Furnace
33:31 Scale Barding Armor
33:28 Light Cavalry
34:09 Husbandry
36:12 Chain Barding Armor
38:00 Plate Barding Armor
49:55 Fortified Wall
50:22 Fletching
51:17 Bodkin Arrow
52:23 Chemistry
51:22 Ordonnance Companies
52:26 Padded Archer Armor
54:52 Leather Archer Armor
55:12 Elite Skirmisher
Tameryig1t
10:14 Feudal Age
14:57 Castle Age
19:26 Wheelbarrow
18:36 Loom
20:38 Double-Bit Axe
20:41 Horse Collar
23:55 Bow Saw
23:49 Heavy Plow
24:47 Hand Cart
30:29 Imperial Age
27:55 Fletching
28:05 Padded Archer Armor
28:14 Scale Barding Armor
28:15 Town Watch
29:05 Ballistics
29:26 Gold Mining
29:31 Stone Mining
30:09 Thumb Ring
30:07 Bodkin Arrow
30:31 Leather Archer Armor
31:12 Gold Shaft Mining
31:06 Chain Barding Armor
31:32 Conscription
31:29 Bracer
31:35 Husbandry
32:47 Two-Man Saw
33:13 Chemistry
32:49 Bloodlines
33:16 Parthian Tactics
34:18 Plate Barding Armor
33:53 Forging
33:11 Heavy Cavalry Archer
34:47 Light Cavalry
34:48 Cavalier
36:09 Hussar
46:42 Man-at-Arms
47:23 Squires
48:32 Arson
48:47 Squires
48:46 Long Swordsman
49:27 Scale Mail Armor
50:03 Iron Casting
50:04 Two-Handed Swordsman
51:06 Chain Mail Armor
53:58 Blast Furnace
57:01 Town Patrol
Connection lost

Rejoining the realm…

Still unreachable

The connection could not be restored.

Session expired

The server has moved on; the page needs a fresh start.